 Dungeon Crawl Stone Soup version bcrawl-1.15.1 (webtiles) character file.

Game seed: 17850221806286766641

126 cirnu the Skirmisher (level 4, -21/37 HPs)
             Began as a Demonspawn Chaos Knight on Sept 27, 2019.
             Was a Plaything of Xom.
             Demolished by a sun demon (24 damage)
             ... summoned by the capriciousness of Xom
             ... on level 3 of the Dungeon.
             The game lasted 00:03:50 (2723 turns).

cirnu the Skirmisher (Demonspawn Chaos Knight)      Turns: 2723, Time: 00:03:50

Health: -21/37     AC:  7    Str: 14    XL:     4   Next: 84%
Magic:  3/3        EV:  9    Int: 13    God:    Xom [......]
Gold:   200        SH:  4    Dex: 12    Spells: 3/3 levels left

rFire    + . .     SeeInvis .   a - +0 falchion (chaos)
rCold    . . .     Gourm    .   g - +0 buckler
rNeg     . . .     Faith    +   n - +1 scale mail {rF+}
rPois    .         Spirit   .   (no helmet)
rElec    .         Reflect  .   (no cloak)
rCorr    .         Harm     .   (no gloves)
MR       .....                  (no boots)
Stlth    ..........             k - amulet of faith
HPRegen  0.12/turn              (no ring)
MPRegen  0.08/turn              (no ring)

@: no status effects
A: talons 1, deterioration 1, low mp 1, spiny 1, wild magic 1
a: Renounce Religion


You were on level 3 of the Dungeon.
You worshipped Xom.
You were a very special plaything of Xom.
You were not hungry.

You visited 1 branch of the dungeon, and saw 3 of its levels.

You collected 200 gold pieces.

Inventory:

Hand Weapons
 a - a +0 falchion of chaos (weapon)
Armour
 b - a +2 leather armour
 g - a +0 buckler (worn)
 n - a +1 scale mail of fire resistance (worn)
Jewellery
 h - an uncursed amulet of the acrobat
 i - an uncursed amulet of magic regeneration
 k - an amulet of faith (around neck)
Scrolls
 e - 3 scrolls of identify {unknown}
 j - a scroll of fear {unknown}
Potions
 d - a potion of heal wounds {unknown}
 f - a potion of agility {unknown}
 l - a potion of lignification {unknown}
 m - a potion of degeneration {unknown}
 o - a potion of curing {unknown}
 p - a potion of brilliance {unknown}
 q - a potion of magic {unknown}
Comestibles
 c - 4 rations {!d}


   Skills:
 + Level 3.8 Fighting
 + Level 3.6 Long Blades
 + Level 2.2 Armour
 + Level 1.4 Dodging
 + Level 0.9 Stealth
 * Level 1.2 Shields


You had 3 spell levels left.
You didn't know any spells.
Your spell library contained the following spells:

 Spells                   Type           Power        Failure   Level  Hunger
 Beastly Appendage        Tmut           #.....       92%         1    ##.....
 Sticks to Snakes         Tmut           #.......     98%         2    ###....
 Spider Form              Tmut/Pois      #..          100%        3    ####...
 Ice Form                 Ice/Tmut       #.......     100%        4    #####..
 Blade Hands              Tmut           #.........   100%        5    ######.


Dungeon Overview and Level Annotations

Branches:
Dungeon (3/12)

Altars:
Cheibriados
Makhleb
Yredelemnul


Innate Abilities, Weirdness & Mutations

You have sharp toenails.
You are partially covered in sharp spines.
Your body sometimes deteriorates upon taking damage.
Your magical capacity is low. (-10% MP)
Your spells are a little harder to cast, but a little more powerful.


Message History

An adder comes into view.
The adder hisses angrily.
You hit the adder.
The adder suddenly stops moving!
The adder is lightly wounded.
Xom's attention turns to you for a moment.
Something forms from out of thin air!
The helpless adder fails to defend itself.
You hit the adder. You freeze the adder. You claw the adder.
The adder is severely wounded.
The sun demon hits you!!
Ouch! That really hurt!
You are engulfed in flames!
You resist.
* * * LOW HITPOINT WARNING * * *
The helpless adder fails to defend itself.
You hit the adder.
The adder is poisoned.
You claw the adder.
You kill the adder!
The sun demon is struck by your spines. The sun demon hits you!!
Ouch! That really hurt!
You die...
Xom thinks this is hilarious!

... #.# #.# #.#
#.# #.# #### #†#
#... #@### #.##
#3..####### #.#
###......[# #.#
#......##.### #.#
#.#.##.##...###.#
#.#.......†)....#
#.#.##.##...#####
#.#.##.##.###
#.........#


You could see a sun demon.

Vanquished Creatures
  An orc priest (D:3)
  An adder (D:3)
  2 worms (D:2)
  5 dart slugs
  A leopard gecko (D:1)
  5 orcs
  4 ball pythons
  5 goblins
  9 hobgoblins
  7 jackals
  3 quokkas
  2 bats
  4 frilled lizards
  8 kobolds
  4 rats
  A spectral orc (D:2)
62 creatures vanquished.

Notes
Turn   | Place    | Note
-------+----------+-------------------------------------------
     0 | D:1      | cirnu the Demonspawn Chaos Knight began the quest for the
                  | Orb.
     0 | D:1      | Reached XP level 1. HP: 18/18 MP: 1/1
    53 | D:1      | XOM: harmless Pois miscast
   247 | D:1      | Gained mutation: You are partially covered in sharp spines.
                  | [demonic ancestry]
   247 | D:1      | Reached XP level 2. HP: 10/24 MP: 2/2
   741 | D:1      | Reached skill level 1 in Dodging
   855 | D:1      | XOM: silly message
   891 | D:1      | Gained mutation: You have sharp toenails. [demonic
                  | ancestry]
   891 | D:1      | Reached XP level 3. HP: 29/29 MP: 3/3
  1111 | D:1      | XOM: silly message
  1228 | D:2      | Found a burning altar of Makhleb.
  1251 | D:2      | Found a snail-covered altar of Cheibriados.
  1521 | D:2      | XOM: mild Conj miscast
  1547 | D:2      | XOM: smoke on damage
  1769 | D:2      | XOM: silly message
  1865 | D:2      | Found a basalt altar of Yredelemnul.
  1869 | D:2      | Reached XP level 4. HP: 37/37 MP: 4/4
  2352 | D:3      | Reached skill level 1 in Shields
  2448 | D:3      | XOM: harmless Pois miscast
  2640 | D:3      | XOM: mild Erth miscast
  2682 | D:3      | XOM: give mutations
  2682 | D:3      | Gained mutation: Your body sometimes deteriorates upon
                  | taking damage. [Xom's mischief]
  2682 | D:3      | Gained mutation: Your magical capacity is low. (-10% MP)
                  | [Xom's mischief]
  2682 | D:3      | Gained mutation: Your spells are a little harder to cast,
                  | but a little more powerful. [Xom's mischief]
  2721 | D:3      | XOM: medium Summ miscast
  2722 | D:3      | Noticed a sun demon
  2723 | D:3      | Demolished by a sun demon

Skill      XL: |  1  2  3  4 |
---------------+-------------+-----
Long Blades    | 3 |  3.6
Dodging        | 1 |  1.4
Armour         | 2 |  2.2
Shields        | 1 |  1.2
Fighting       | |  3.8
Stealth        | |  0.9

Action                   |  1- 3 |  4- 6 || total
-------------------------+-------+-------++-------
Melee: Falchion          |   102 |    24 ||   126
       Kick              |     9 |     6 ||    15
 Stab: Paralysed         |       |     2 ||     2
  Eat: Chunk             |     3 |       ||     3
       Ration            |       |     1 ||     1
Armor: Leather armour    |    37 |     8 ||    45
       Scale mail        |       |     1 ||     1
Dodge: Dodged            |    57 |    19 ||    76
Block: Buckler           |    20 |     2 ||    22
